 Dungeon Crawl Stone Soup version 0.31-a0-472-g43a2ca8e1b (webtiles) character file.

Game seed: 13021412639997525978

2718 Ethylacetat the Mimic (level 9, -6/62 HPs)
             Began as an Octopode Shapeshifter on Aug 6, 2023.
             Was an Initiate of Gozag.
             Mangled by a killer bee (9 damage)
             ... on level 8 of the Dungeon.
             The game lasted 00:09:02 (6950 turns).

Ethylacetat the Mimic (Octopode Shapeshifter)       Turns: 6950, Time: 00:09:04

Health: -6/62      AC:  1    Str: 14    XL:     9   Next: 66%
Magic:  0/12       EV: 13    Int: 11    God:    Gozag
Gold:   512        SH:  0    Dex: 16    Spells: 12/12 levels left

rFire   . . .        p - +6 spear
rCold   . . .        (no shield)
rNeg    . . .        (helmet currently unavailable)
rPois   .            t - amulet of guardian spirit
rElec   .            d - ring of resist corrosion
rCorr   +            (no ring)
SInv    +            (no ring)
Will    .....        (no ring)
Stlth   ++           (no ring)
HPRegen 0.30/turn    (no ring)
MPRegen 0.13/turn    (no ring)
                     (no ring)

%: guardian spirit
@: lethally poisoned (-6 -> -22), beast-form
A: beast (slay +5), almost no armour, amphibious, 8 rings, camouflage 1,
gelatinous body 1, (nimble swimmer 1), tentacles
a: Begin Untransformation, Renounce Religion, Potion Petition, Call Merchant,
Bribe Branch


You were on level 8 of the Dungeon.
You worshipped Gozag.
Gozag was pleased with you.
You were a hulking beast.
You visited 1 branch of the dungeon, and saw 8 of its levels.

You collected 555 gold pieces.
You paid 43 gold pieces to Gozag.

Inventory:

Hand Weapons
 a - a +0 dagger of venom
 p - a +6 spear (weapon)
Jewellery
 d - a ring of resist corrosion (left tentacle)
 t - an amulet of guardian spirit (around mantle)
Talismans
 b - a beast talisman (active)
Wands
 q - a wand of charming (6)
 B - a wand of iceblast (6)
Scrolls
 h - 7 scrolls of identify {unknown}
 j - a scroll of teleportation {unknown}
 k - a scroll of poison {unknown}
 m - 3 scrolls of enchant armour {unknown}
 n - a scroll of enchant weapon {unknown}
 o - a scroll of butterflies {unknown}
 r - a scroll of revelation
 u - a scroll of fear {unknown}
 w - a scroll of fog {unknown}
 x - a scroll of amnesia {unknown}
 y - a scroll of noise {unknown}
 z - a scroll of immolation {unknown}
Potions
 c - a potion of magic
 e - a potion of curing
 f - 3 potions of haste {unknown}
 g - a potion of brilliance {unknown}
 i - 2 potions of ambrosia {unknown}
 l - a potion of mutation {unknown}
 s - a potion of might {unknown}
 v - 2 potions of degeneration {unknown}
 A - a potion of lignification


   Skills:
 + Level 6.2 Fighting
 - Level 2.0 Dodging
 + Level 7.0 Unarmed Combat
 + Level 2.2 Spellcasting
 * Level 8.1 Shapeshifting


You had 12 spell levels left.
You didn't know any spells.
Your spell library contained the following spells:

 Spells                   Type           Power      Damage    Failure   Level
 Necrotise                Necr           4%         1d4       28%         1
 Vampiric Draining        Necr           1%         2d6       65%         3
 Agony                    Necr           1%         N/A       100%        5


Dungeon Overview and Level Annotations

Branches:
Dungeon (8/15)             Temple (0/1) D:6
   Lair: D:8-11

Altars:
Cheibriados
Dithmenos
Elyvilon
Gozag
Nemelex Xobeh
Okawaru
Qazlal
Sif Muna
Zin

Annotations:
D:2 Natasha


Innate Abilities, Weirdness & Mutations

You are a hulking beast.
Your limbs bulge with bestial killing power. (Slay +5)
You cannot wear most types of armour.
You are amphibious.
You can wear up to eight rings at the same time.
Your skin changes colour to match your surroundings (Stealth+).
Your rubbery body absorbs attacks. (AC +1, EV +1)
((You are camouflaged when in or above water. (Stealth+)))
You have tentacles for arms and can constrict up to eight enemies at once.


Message History

The killer bee poisons you! The killer bee stings you.
The killer bee stings you! The killer bee stings you.
You are more poisoned.
The killer bee poisons you!
The killer bee attacks as you move away!
The killer bee stings you.
You feel very sick. The killer bee stings you.
You are more poisoned.
The killer bee poisons you!
It was a potion of magic.
Magic courses through your body.
You feel very sick.
The killer bee stings you but does no damage.
The killer bee stings you. The killer bee closely misses you.
The killer bee misses you. The killer bee closely misses you.
The killer bee stings you!
* * * LOW HITPOINT WARNING * * *
You are lethally poisoned!
The killer bee poisons you! The killer bee closely misses you.
You feel better. The killer bee closely misses you.
The killer bee stings you. x2
The killer bee misses you. The killer bee stings you!
* * * LOW HITPOINT WARNING * * *
You are poisoned.
The killer bee poisons you! The killer bee misses you. x2
The killer bee closely misses you. The killer bee barely misses you.
Okay, then.
As you read the scroll labelled HAAREMPOUH, it crumbles to dust.
You feel aware of your surroundings.
You sensed 1 shop/portal.
It was a scroll of revelation.
You feel very sick. The killer bee stings you.
* * * LOW HITPOINT WARNING * * *
The killer bee barely misses you. The killer bee stings you.
* * * LOW HITPOINT WARNING * * *
The killer bee stings you.
* * * LOW HITPOINT WARNING * * *
You are more poisoned.
The killer bee poisons you! The killer bee stings you!
You die...
Your body crumbles into a pile of gold.

############### ******
###############
,,,,,****###############
****,,,,*###############
****,*###############
*,*############### *
*,,...###..y..#### *****
** *,,...##$.hy...###
**,,,* ,*
*,,...#..yyy....##
**,,,,, ,**
*,$...#.........##
*,,,,,, ~~*
*,,...#.........##
*,,,,,, ,,*
*,,...#.........##
*,,,,,, ~~*
*,,...#.........##
**,,,,, ~**
***.#...........##
*,,,,,, ~*
*,.#........>..##
**,,,,,, **
*,*#.../.......#
*,,,,,,,


You could see 5 killer bees.

Vanquished Creatures
  Pikel (D:4)
  3 yaks (D:7)
  Eustachio (D:6)
  Edmund (D:4)
  A steam dragon (D:6)
  2 water moccasins
  3 ogres
  4 lemures (D:4)
  2 kobold brigands
  A bullfrog (D:6)
  A gnoll sergeant (D:5)
  A jelly (D:7)
  2 hounds
  Crazy Yiuf (D:7)
  3 orc priests
  A sleepcap (D:7)
  2 iguanas
  Natasha (D:2)
  6 orc wizards
  11 gnolls
  3 adders
  A shadow imp (D:5)
  2 white imps (D:7)
  An ufetubus (D:6)
  2 worms
  3 dart slugs
  21 orcs
  4 bats
  4 endoplasms
  17 goblins
  4 hobgoblins
  12 kobolds
  5 quokkas
  4 ball pythons
  2 frilled lizards (D:1)
  5 rats (D:1)
138 creatures vanquished.

Notes
Turn   | Place    | Note
-------+----------+-------------------------------------------
     0 | D:1      | Ethylacetat the Octopode Shapeshifter began the quest for
                  | the Orb.
     0 | D:1      | Reached XP level 1. HP: 13/13 MP: 1/1
   158 | D:1      | Reached XP level 2. HP: 18/18 MP: 2/2
   831 | D:1      | Reached XP level 3. HP: 23/23 MP: 3/3
  1031 | D:2      | Reached XP level 4. HP: 15/29 MP: 4/4
  1728 | D:2      | Noticed Natasha
  1730 | D:2      | Killed Natasha
  1731 | D:2      | Reached skill level 4 in Shapeshifting
  1731 | D:2      | Reached XP level 5. HP: 31/34 MP: 5/5
  1872 | D:2      | Noticed Natasha
  2274 | D:3      | Found a faded altar of an unknown god.
  2404 | D:3      | Noticed an ogre
  2412 | D:3      | Killed an ogre
  2413 | D:3      | Reached XP level 6. HP: 41/41 MP: 6/6
  2914 | D:4      | Reached skill level 5 in Shapeshifting
  3039 | D:4      | Found a glowing silver altar of Zin.
  3043 | D:4      | Noticed Pikel
  3195 | D:4      | Killed Pikel
  3196 | D:4      | Reached skill level 5 in Unarmed Combat
  3196 | D:4      | Reached skill level 6 in Shapeshifting
  3196 | D:4      | Reached XP level 7. HP: 46/48 MP: 7/7
  3196 | D:4      | Reached XP level 8. HP: 51/54 MP: 8/8
  3284 | D:4      | Found a shadowy altar of Dithmenos.
  3285 | D:4      | Noticed Edmund
  3291 | D:4      | Killed Edmund
  3929 | D:5      | Entered Level 5 of the Dungeon
  4124 | D:5      | Found an opulent altar of Gozag.
  4125 | D:5      | Found a snail-covered altar of Cheibriados.
  4126 | D:5      | Found a shimmering blue altar of Sif Muna.
  4132 | D:5      | Became a worshipper of Gozag Ym Sagoz the Greedy
  4382 | D:5      | Reached skill level 5 in Fighting
  4832 | D:6      | Found a staircase to the Ecumenical Temple.
  4897 | D:6      | Noticed Eustachio
  4906 | D:6      | Killed Eustachio
  4907 | D:6      | Reached skill level 7 in Shapeshifting
  5387 | D:6      | Reached XP level 9. HP: 61/61 MP: 9/9
  5389 | D:6      | Found a sparkling altar of Nemelex Xobeh.
  5682 | D:7      | Found a stormy altar of Qazlal.
  5858 | D:7      | Reached skill level 1 in Spellcasting
  6169 | D:7      | Reached skill level 8 in Shapeshifting
  6361 | D:7      | Found a runed translucent door.
  6362 | D:7      | Noticed Crazy Yiuf
  6541 | D:7      | Found an iron altar of Okawaru.
  6730 | D:7      | Found a white marble altar of Elyvilon.
  6889 | D:7      | Killed Crazy Yiuf
  6950 | D:8      | HP: 3/62 [killer bee (3)]
  6950 | D:8      | Mangled by a killer bee

Illustrated notes

Levels and vault maps discovered:
D:1:      nicolae_arrival_memento_mori, layout_basic, serial_bayou_pond_c,
          minmay_misc_feat_diagonals, nicolae_hexahallways,
          grunt_decor_junction, minmay_misc_feat_pillars
D:2:      layout_loops_ring, serial_forest, infiniplex_forest_pool,
          infiniplex_forest_lined_room_, infiniplex_forest_end_3,
          infiniplex_forest_zigzag_2, infiniplex_forest_lined_1,
          infiniplex_forest_join, infiniplex_forest_clump_small, uniq_natasha
D:3:      layout_basic, shapermc_ecumenical_altar_gd, grunt_decor_mini_mirrors,
          minmay_liquid_box, minmay_ogre_servants
D:4:      layout_basic, zin_statuary, nicolae_dithmenos_the_darkroom,
          minmay_door_square, uniq_pikel, uniq_edmund
D:5:      layout_loops_cross, chequers_temple_overflow_statue_of_worship
D:6:      layout_loops_ring, mainiacjoe_overflow_alcove_2,
          minmay_temple_entry_mini_moons, uniq_eustachio
D:7:      layout_basic, general_overflow_altar, elyvilon_altar_1,
          grunt_qazlal_sundering, uniq_crazy_yiuf_cottage
D:8:      layout_rooms, enter_bailey_7, kennysheep_diamond,
          nicolae_underground_beach

Skill      XL: |  1  2  3  4  5  6  7  8  9 |
---------------+----------------------------+-----
Fighting       | 2 4 5 6 |  6.2
Shapeshifting  | 4 6 7 8 |  8.1
Unarmed Combat | 4 5 6 7 |  7.0
Spellcasting   | 2 |  2.2
Dodging        | |  2.0

Action                     |  1- 3 |  4- 6 |  7- 9 || total
---------------------------+-------+-------+-------++-------
  Melee: Unarmed           |    54 |    57 |       ||   111
         Constrict         |    14 |    29 |    29 ||    72
         Tentacles         |     9 |    27 |    36 ||    72
         Punch             |     2 |     3 |    11 ||    16
         Dagger            |       |    53 |    46 ||    99
         Spear             |       |       |   101 ||   101
    Use: Potion            |       |     1 |     3 ||     4
         Scroll            |       |       |     1 ||     1
   Stab: Sleeping          |     7 |    12 |     8 ||    27
 Armour: Skin              |     2 |     9 |     4 ||    15
  Dodge: Dodged            |    20 |    39 |    63 ||   122

Table legend: (Time is in decaauts)
 A = Elapsed time spent in this place.
 B = Non-inter-level travel time spent in this place.
 C = Inter-level travel time spent in this place.
 D = Time resting spent in this place.
 E = Time spent auto-exploring this place.
 F = Levels seen in this place.
 G = Mean time per level.
                   A        B        C        D        E       F      G
               +--------+--------+--------+--------+--------+-----+--------+
         Total |   6951 |   6735 |    216 |    282 |   5573 |   8 |  868.9 |
       Dungeon |   6951 |   6735 |    216 |    282 |   5573 |   8 |  868.9 |
               +--------+--------+--------+--------+--------+-----+--------+

Top non-repeatable levels by time:
     D:7: 1396 daAuts
     D:2: 1013 daAuts
     D:4: 989 daAuts
     D:1: 970 daAuts
     D:3: 948 daAuts
     D:6: 844 daAuts
     D:5: 783 daAuts
     D:8: 6 daAuts
